 Dungeon Crawl Stone Soup version 0.19-a0-1626-g5215c36 (webtiles) character file.

1227 4thArraOfDagon the Slasher (level 8, -3/60 HPs)
             Began as a Vampire Gladiator on Sept 18, 2016.
             Was a Believer of Okawaru.
             Slain by an orc knight
             ... wielding a +0 glaive
              (19 damage)
             ... in a bailey.
             The game lasted 00:11:33 (2373 turns).

4thArraOfDagon the Slasher (Vampire Gladiator)      Turns: 2373, Time: 00:11:34

Health: -3/60      AC: 15    Str: 14    XL:     8   Next: 23%
Magic:  18/19      EV: 17    Int: 11    God:    Okawaru [**....]
Gold:   293        SH:  0    Dex: 21    Spells: 0 memorised, 7 levels left

rFire  + . .     SeeInvis +     a - +1 long sword
rCold  . . .     Gourm    .     n - +2 chain mail {rF+}
rNeg   . . .     Faith    .     (no shield)
rPois  .         Spirit   .     c - +0 helmet
rElec  .         Dismiss  .     t - +0 cloak
rCorr  +         Reflect  .     (no gloves)
MR     .....     Harm     .     v - +0 pair of boots
Stlth  ++........               (no amulet)
                                q - ring of magical power (curse)
                                l - ring of resist corrosion

@: agile, heroism, very slightly contaminated, regenerating quickly, hasted,
very quick
A: fangs 3, see invisible, unbreathing
a: Heroism, Renounce Religion


You were in a bailey.
You worshipped Okawaru.
Okawaru was pleased with you.
You were very full.

You visited 1 branch of the dungeon, and saw 7 of its levels.
You also visited: Bailey.

You collected 293 gold pieces.

Inventory:

Hand Weapons
 a - a +1 long sword (weapon)
Armour
 b - a +0 leather armour
 c - a +0 helmet (worn)
 j - a +0 chain mail
 n - a +2 chain mail of fire resistance (worn)
 t - a +0 cloak (worn)
 v - a +0 pair of boots (worn)
Jewellery
 h - an uncursed ring of wizardry
 l - a ring of resist corrosion (left hand)
 q - a cursed ring of magical power (right hand)
Wands
 g - a wand of slowing (10/48)
Scrolls
 e - a scroll of enchant weapon
 o - a scroll of remove curse
Potions
 f - a potion of degeneration
 i - 17 potions of blood
 k - 2 potions of beneficial mutation
 u - 2 potions of brilliance
 w - a potion of agility


   Skills:
 + Level 4.2(9.2) Fighting
 * Level 7.4(12.4) Long Blades
 - Level 1.5(6.5) Throwing
 + Level 5.7(10.7) Dodging
 + Level 3.2 Invocations


You had 7 spell levels left.
You didn't know any spells.

Dungeon Overview and Level Annotations

Branches:
Dungeon (7/15)             Temple (0/1) D:4

Altars:
Dithmenos
Okawaru
Vehumet
Xom
Zin
The Shining One


Innate Abilities, Weirdness & Mutations

Your natural rate of healing is unusually fast.
You have razor-sharp teeth.
You have supernaturally acute eyesight. (SInv)
You can survive without breathing.


Message History

Things that are here:
a trident; a ring mail Unknown command.
Unknown command.
Okay, then.
You feel better.
Okay, then.
Evoke which item? (* to show all) (? for menu, Esc to quit)
Okay, then.
Unknown command.
Unknown command.
Unknown command.
Unknown command.
Unknown command.
Unknown command.
Unknown command.
Unknown command.
Unknown command.
The orc knight hits you with a glaive!!
You die...

##.≈≈..#'#..§§§..⌠... #..
#∩.≈≈..#'#.§§§o.⌠⌠⌠.. #..
#.≈≈..## ##..§≈oo...≈ ##.
#.≈..## ##..≈≈≈§≈≈≈ ## #.≈.##
##o....... #
#.≈.#########'###+############
#.≈.........(##.....##........
#.≈≈≈≈≈≈≈≈≈≈..##.∩.##..≈≈≈≈≈≈≈
#..........≈≈@o## ##..≈≈......
##########..≈≈.)###..≈≈..#####
##..≈≈...).≈≈..##
##..≈≈≈≈≈≈≈..## ##.........##
###########


You could see an orc knight.

Vanquished Creatures
  2 orc warriors (Bailey)
  2 ogres
  A centaur (D:5)
  3 bullfrogs
  A scorpion (D:7)
  A howler monkey (D:6)
  A centaur zombie (D:7)
  2 hounds (D:7)
  2 orc priests
  Ijyb (D:2)
  3 orc wizards
  2 worker ants
  Robin (D:3)
  3 adders
  5 gnolls
  3 dart slugs
  3 leopard geckos
  16 orcs
  A ball python (D:4)
  3 bats
  2 bat zombies (D:1)
  8 giant cockroaches
  16 goblins
  7 hobgoblins
  7 jackals
  A quokka (D:7)
  2 frilled lizards
  7 kobolds
  4 rats
110 creatures vanquished.

Notes
Turn   | Place    | Note
-------+----------+-------------------------------------------
     0 | D:1      | 4thArraOfDagon the Vampire Gladiator began the quest for the Orb.
     0 | D:1      | Reached XP level 1. HP: 16/16 MP: 1/1
   119 | D:1      | Reached XP level 2. HP: 13/22 MP: 2/2
   125 | D:1      | jacquesderrida: deng
   355 | D:3      | Found a radiant altar of Vehumet.
   356 | D:3      | Noticed a bullfrog
   363 | D:3      | Killed a bullfrog
   363 | D:3      | Reached skill level 4 in Long Blades
   363 | D:3      | Reached XP level 3. HP: 22/28 MP: 3/3
   363 | D:3      | Reached XP level 4. HP: 26/34 MP: 4/4
   389 | D:4      | Found an iron altar of Okawaru.
   394 | D:4      | Became a worshipper of Warmaster Okawaru
   407 | D:4      | 4thArraOfDagon: !!11!1!!
   451 | D:4      | Found a glowing golden altar of the Shining One.
   523 | D:4      | Noticed an ogre
   535 | D:4      | Killed an ogre
   535 | D:4      | Reached XP level 5. HP: 17/40 MP: 5/5
   544 | D:4      | Found a staircase to the Ecumenical Temple.
   578 | D:4      | Reached skill level 5 in Long Blades
   578 | D:4      | Reached skill level 1 in Invocations
   689 | D:4      | Reached XP level 6. HP: 41/47 MP: 6/6
   842 | D:3      | Noticed Robin
   853 | D:2      | Noticed Ijyb
   870 | D:2      | Killed Ijyb
   892 | D:2      | Found a shimmering altar of Xom.
  1078 | D:1      | jacquesderrida: >>>>>>>>>>>>>>>>>>>>>>>11 AC
  1086 | D:2      | jacquesderrida: Deeeeeeeeng
  1121 | D:2      | Found a shadowy altar of Dithmenos.
  1184 | D:2      | jacquesderrida: ELCTRO HWIP
  1264 | D:3      | jacquesderrida: waw
  1284 | D:3      | Killed Robin
  1494 | D:5      | Entered Level 5 of the Dungeon
  1517 | D:5      | Reached * piety under Okawaru
  1517 | D:5      | Reached skill level 6 in Long Blades
  1772 | D:6      | Reached XP level 7. HP: 41/52 MP: 8/8
  1808 | D:6      | Found a shimmering altar of Xom.
  1858 | D:7      | Reached skill level 5 in Dodging
  1934 | D:7      | Ankalagon: DJ
  1949 | D:7      | Found a glowing silver altar of Zin.
  2053 | D:7      | Reached ** piety under Okawaru
  2053 | D:7      | Reached skill level 7 in Long Blades
  2062 | D:7      | Reached XP level 8. HP: 54/60 MP: 10/10
  2101 | D:7      | Found a flagged portal.
  2116 | Bailey   | Entered a bailey
  2184 | Bailey   | Noticed an orc knight
  2329 | Bailey   | Noticed an orc knight
  2371 | Bailey   | 4thArraOfDagon: meh
  2371 | Bailey   | 4thArraOfDagon: i will have to drain my blood
  2373 | Bailey   | Slain by an orc knight

Vault maps used:
D:1:      saegor_arrival_fortress
D:2:      lemuel_round_altar, nicolae_dithmenos_through_a_glass_darkly,
          uniq_iyjb
D:3:      fiery_altar_vehumet, uniq_robin
D:4:      lemuel_coloured_pillars_altar, okawaru_metal_pillars_3,
          tso_metal_star, first_bread
D:6:      basic_altar, uniq_blork_the_orc
D:7:      kennysheep_little_box, enter_bailey_7
Bailey:   bailey_polearm_1, bailey

Skill      XL: |  1  2  3  4  5  6  7 |
---------------+----------------------+-----
Fighting       | 2 3 4 |  4.2
Long Blades    | 4 5 6 7 |  7.4
Dodging        | 4 5 |  5.7
Invocations    | 1 2 3 |  3.2
Throwing       | |  1.5

Action                   |  1- 3 |  4- 6 |  7- 9 || total
-------------------------+-------+-------+-------++-------
Melee: Long sword        |    53 |   242 |   135 ||   430
       Bite              |     7 |    28 |    25 ||    60
       Punch             |       |       |     2 ||     2
Throw: Throwing net      |       |     2 |     4 ||     6
Invok: Heroism           |       |       |     5 ||     5
Evoke: Wand              |       |       |     5 ||     5
  Use: Potion            |     1 |     3 |     8 ||    12
       Scroll            |       |     7 |     6 ||    13
 Stab: Held in net/web   |       |     3 |     1 ||     4
       Invisible         |       |       |     5 ||     5
  Eat: Corpse            |     6 |     7 |     2 ||    15
Armor: Leather armour    |     8 |       |       ||     8
       Chain mail        |    10 |   141 |    94 ||   245
Dodge: Dodged            |    29 |    97 |    85 ||   211
